 Dungeon Crawl Stone Soup version 0.28-a0-1002-gf00fe891ef (webtiles) character file.

Game seed: 17561340618844085473

154 miscthings the Vexing (level 5, -6/28 HPs)
             Began as a Kobold Enchanter on Dec 7, 2021.
             Mangled by an orc warrior (9 damage)
             ... on level 4 of the Dungeon.
             The game lasted 00:06:16 (2613 turns).

miscthings the Vexing (Kobold Enchanter)            Turns: 2613, Time: 00:06:17

Health: -6/28      AC:  4    Str:  6    XL:     5   Next: 63%
Magic:  8/10       EV: 15    Int: 16    God:
Gold:   126        SH:  0    Dex: 17    Spells: 5/10 levels left

rFire   . . .      SeeInvis .   a - +1 dagger
rCold   + . .      Faith    .   (shield restricted)
rNeg    . . .      Spirit   .   o - +1 robe {rC+}
rPois   .          Reflect  .   (no helmet)
rElec   .          Harm     .   (no cloak)
rCorr   .          Rampage  .   e - +0 pair of gloves
Will    .....                   (no boots)
Stlth   ++++......              (no amulet)
HPRegen 0.09/turn               m - ring of flight
MPRegen 0.12/turn               (no ring)

@: flying
A: small, no large weapons, nightstalker 3
a: no special abilities


You were on level 4 of the Dungeon.
You visited 1 branch of the dungeon, and saw 4 of its levels.

You collected 126 gold pieces.

Inventory:

Hand Weapons
 a - a +1 dagger (weapon)
Armour
 e - a +0 pair of gloves (worn)
 o - a +1 robe of cold resistance (worn)
Jewellery
 m - a ring of flight (left hand)
Wands
 v - a wand of acid (2)
Scrolls
 b - a scroll of summoning {unknown}
 f - 2 scrolls of identify {unknown}
 k - 2 scrolls of teleportation {unknown}
 l - a scroll of magic mapping {unknown}
 n - a scroll of immolation {unknown}
Potions
 c - a potion of invisibility
 d - 2 potions of degeneration {unknown}
 g - 4 potions of curing {unknown}
 h - a potion of flight {unknown}
 i - a potion of mutation {unknown}
 j - a potion of lignification {unknown}


   Skills:
 + Level 0.2 Fighting
 * Level 1.8 Short Blades
 + Level 2.6 Dodging
 + Level 4.1 Stealth
 + Level 3.3 Spellcasting
 + Level 4.9 Hexes
 + Level 0.4 Evocations


You had 5 spell levels left.
You knew the following spells:

 Your Spells              Type           Power      Damage    Failure   Level
a - Ensorcelled Hibernat  Hex/Ice        20%        N/A       10%         2
e - Confusing Touch       Hex            18%        N/A       7%          3

Your spell library contained the following spells:

 Spells                   Type           Power      Damage    Failure   Level
 Tukima's Dance           Hex            18%        N/A       7%          3
 Animate Skeleton         Necr           4%         N/A       19%         1
 Apportation              Tloc           4%         N/A       19%         1
 Summon Small Mammal      Summ           8%         N/A       19%         1
 Dazzling Flash           Conj/Hex       20%        N/A       21%         3
 Inner Flame              Hex/Fire       10%        N/A       21%         3
 Cause Fear               Hex            9%         N/A       24%         4
 Discord                  Hex            9%         N/A       100%        8


Dungeon Overview and Level Annotations

Branches:
Dungeon (4/15)
 Temple: D:4-7

Altars:
Trog
Uskayaw
Xom

Shops:
D:2 **[*


Innate Abilities, Weirdness & Mutations

You are small and have problems with some larger weapons.
You are completely attuned to the shadows.


Message History

You see here a +0 whip.
Press: ? - help, v - describe, . - travel
Here: a goblin, wielding a +0 dagger of venom The floor.
Aiming: Corrosive Bolt
Press: ? - help, Shift-Dir - straight line, f - goblin
Aim: a goblin, wielding a +0 dagger of venom (64% to hit)
The bolt of acid hits the goblin!
You kill the goblin!
The bolt of acid hits the orc warrior.
The orc warrior is lightly wounded.
Casting: Ensorcelled Hibernation (safe; 10% risk of failure)
Confirm with . or Enter, or press ? or * to list all spells.
Aiming: Ensorcelled Hibernation (safe; 10% risk of failure)
Press: ? - help, Shift-Dir - straight line, f - orc warrior
Aim: an orc warrior, wielding a +0 mace and wearing a +0 plate armour (lightly wounded, chance to affect: 41%)
The orc warrior resists with some effort.
The orc warrior hits you with a +0 mace!
Aiming: Corrosive Bolt
Press: ? - help, Shift-Dir - straight line, f - orc, p - orc warrior
Aim: an orc, wielding a +0 dagger (71% to hit)
The bolt of acid hits the orc warrior.
The orc warrior is moderately wounded.
The bolt of acid misses the orc.
Aiming: Corrosive Bolt
Press: ? - help, Shift-Dir - straight line, f/p - orc
Aim: an orc, wielding a +0 dagger (71% to hit)
The bolt of acid hits the orc warrior!
The acid corrodes the orc warrior!
The orc warrior is heavily wounded.
The bolt of acid hits the orc!
The acid corrodes the orc!
You kill the orc!
The orc warrior hits you with a +0 mace!
* * * LOW HITPOINT WARNING * * *
Aiming: Corrosive Bolt
Press: ? - help, Shift-Dir - straight line, f - orc warrior
Aim: an orc warrior, wielding a +0 mace and wearing a +0 plate armour (heavily wounded, covered in acid, 71% to hit)
The bolt of acid hits the orc warrior!
The orc warrior is severely wounded.
The orc warrior hits you with a +0 mace!
You die...

#...# #†.##
#...###..#
..........#
...........#
...........#
##...###..#
#... #).#
#...###..#
....@o.).#
.........#
..######## #


You could see an orc warrior (corroded).

Vanquished Creatures
  8 adders
  2 dart slugs
  7 orcs
  9 endoplasms
  5 giant cockroaches
  9 goblins
  4 hobgoblins
  4 quokkas
  4 ball pythons
  2 bats (D:1)
  6 frilled lizards
  7 kobolds
  4 rats
71 creatures vanquished.

Vanquished Creatures (others)
  2 plants (D:3)
2 creatures vanquished.

Grand Total: 73 creatures vanquished

Notes
Turn   | Place    | Note
-------+----------+-------------------------------------------
     0 | D:1      | miscthings the Kobold Enchanter began the quest for the
                  | Orb.
     0 | D:1      | Reached XP level 1. HP: 10/10 MP: 3/3
    72 | D:1      | Reached XP level 2. HP: 15/15 MP: 5/5
    89 | D:1      | Learned a level 2 spell: Ensorcelled Hibernation
   251 | D:1      | Reached XP level 3. HP: 11/19 MP: 3/6
   625 | D:1      | Learned a level 3 spell: Confusing Touch
   649 | D:2      | Found Unuxushe's Assorted Antiques.
   713 | D:2      | Found Ajupy's Assorted Antiques.
   803 | D:2      | Reached XP level 4. HP: 21/24 MP: 4/8
  1020 | D:2      | Found Pujaenka's Armour Shop.
  1101 | D:2      | Found Yclyfimu's General Store.
  1544 | D:3      | Reached XP level 5. HP: 19/28 MP: 4/9
  1553 | D:3      | Noticed an orc warrior
  2306 | D:3      | Found a hide-covered altar of Uskayaw.
  2307 | D:3      | Found a bloodstained altar of Trog.
  2307 | D:3      | Found a shimmering altar of Xom.
  2595 | D:4      | Noticed an orc warrior
  2613 | D:4      | Mangled by an orc warrior

Illustrated notes

Levels and vault maps discovered:
D:1:      sevenhm_arrival_forest_fort_small_3, layout_basic,
          hangedman_decor_push
D:2:      layout_loops_cross, serial_shops, shop, nicolae_shop_window_shopping,
          nicolae_shop_trees, shop
D:3:      layout_basic, gammafunk_temple_overflow_forgotten
D:4:      layout_basic, minmay_temple_entry_antechambers,
          chequers_ossuary_entry_cave, kennysheep_boxes

Skill      XL: |  1  2  3  4 |
---------------+-------------+-----
Hexes          | 4 |  4.9
Spellcasting   | 3 |  3.3
Fighting       | |  0.2
Short Blades   | |  1.8
Dodging        | |  2.6
Stealth        | |  4.1
Evocations     | |  0.4

Action                   |  1- 3 |  4- 6 || total
-------------------------+-------+-------++-------
Melee: Dagger            |    85 |   101 ||   186
 Cast: Ensorcelled Hiber |     6 |    14 ||    20
       Confusing Touch   |       |     1 ||     1
Evoke: Wand              |       |     5 ||     5
 Stab: Sleeping          |    20 |    22 ||    42
Armor: Robe              |    19 |    19 ||    38
Dodge: Dodged            |    61 |    57 ||   118

Table legend: (Time is in decaauts)
 A = Elapsed time spent in this place.
 B = Non-inter-level travel time spent in this place.
 C = Inter-level travel time spent in this place.
 D = Time resting spent in this place.
 E = Time spent auto-exploring this place.
 F = Levels seen in this place.
 G = Mean time per level.
                   A        B        C        D        E       F      G
               +--------+--------+--------+--------+--------+-----+--------+
         Total |   2600 |   2527 |     73 |    420 |   1439 |   4 |  650.0 |
       Dungeon |   2600 |   2527 |     73 |    420 |   1439 |   4 |  650.0 |
               +--------+--------+--------+--------+--------+-----+--------+

Top non-repeatable levels by time:
     D:2: 1047 daAuts
     D:3: 841 daAuts
     D:1: 644 daAuts
     D:4: 68 daAuts
